AoeStats
← kikecoaster

Arena

510399953Analyzed
1v1 RM · 14h ago on Sep 30, 2026· 58m 11s· 2 players
Game mode
Random Map
Map size
Tiny (2 player)
Population
200
Speed
Normal
Resources
Standard
Victory
Conquest
Starting age
Dark Age
Ending age
Imperial Age
RankedLock teamsTeams togetherTeam positionsShared explorationLock speedFull tech treeHidden civsTurbo modeCheats
Victory
Defeat
🇺🇸 Turks · United States
539
+18
🇪🇸 Vietnamese · Spain
573
-18
Grasshopper
10:34 Feudal Age
12:00 Horse Collar
12:06 Double-Bit Axe
17:17 Castle Age
15:54 Stone Mining
20:00 Bow Saw
19:52 Heavy Plow
20:07 Town Watch
25:26 Gold Mining
29:48 Wheelbarrow
29:20 Town Patrol
31:13 Gold Shaft Mining
30:42 Fletching
30:53 Padded Archer Armor
31:52 Bodkin Arrow
35:39 Imperial Age
35:49 Hand Cart
35:56 Leather Archer Armor
35:59 Elite Janissary
37:01 Conscription
36:43 Artillery
36:57 Bracer
37:28 Ring Archer Armor
37:30 Ballistics
39:10 Two-Man Saw
47:28 Hoardings
47:06 Masonry
46:52 Murder Holes
kikecoaster
13:01 Feudal Age
18:39 Castle Age
18:01 Horse Collar
18:10 Double-Bit Axe
19:48 Bow Saw
19:44 Heavy Plow
19:52 Gold Mining
21:00 Wheelbarrow
20:04 Pikeman
21:35 Elite Skirmisher
27:24 Hand Cart
32:11 Imperial Age
30:54 Ballistics
30:40 Stone Mining
32:28 Fletching
32:41 Padded Archer Armor
34:01 Chemistry
33:44 Stone Shaft Mining
34:15 Two-Man Saw
34:21 Leather Archer Armor
34:05 Bodkin Arrow
34:51 Bracer
36:15 Leather Archer Armor
36:32 Imperial Skirmisher
38:13 Siege Engineers
39:27 Ring Archer Armor
39:08 Forging
43:52 Iron Casting
46:31 Guard Tower
46:44 Scale Mail Armor
47:12 Paper Money
46:16 Elite Rattan Archer
55:17 Loom
55:17 Town Watch
Connection lost

Rejoining the realm…

Still unreachable

The connection could not be restored.

Session expired

The server has moved on; the page needs a fresh start.